 Seeded DCSS version 0.27-a0-562-g0d39f094a4 (webtiles) character file.

Game seed: 16989952797484863983 (custom seed)

39 karrick the Skirmisher (level 3, 0/30 HPs)
             Began as a Demonspawn Abyssal Knight on Mar 8, 2021.
             Was a Believer of Lugonu.
             Slain by Natasha (5 damage)
             ... on level 2 of the Dungeon.
             The game lasted 00:01:38 (1783 turns).

karrick the Skirmisher (Demonspawn Abyssal Knight)  Turns: 1783, Time: 00:01:38

Health: 0/30       AC:  4    Str: 13    XL:     3   Next: 26%
Magic:  4/4        EV: 11    Int: 13    God:    Lugonu [**....]
Gold:   78         SH:  4    Dex: 12    Spells: 2/2 levels left

rFire    . . .     SeeInvis .   a - +1 hand axe
rCold    . . .     Faith    .   (no shield)
rNeg     . . .     Spirit   .   b - +0 leather armour
rPois    .         Reflect  .   (no helmet)
rElec    .         Harm     .   e - +0 cloak
rCorr    .         Rampage  .   (no gloves)
Will     .....                  (no boots)
Stlth    +.........             (no amulet)
HPRegen  0.10/turn              (no ring)
MPRegen  0.09/turn              (no ring)

@: no status effects
A: condensation shield
a: Renounce Religion, Depart the Abyss, Bend Space


You were on level 2 of the Dungeon.
You worshipped Lugonu.
Lugonu was pleased with you.
You visited 1 branch of the dungeon, and saw 2 of its levels.
You visited the Abyss 1 time.

You collected 78 gold pieces.

Inventory:

Hand Weapons
 a - a +1 hand axe (weapon)
Armour
 b - a +0 leather armour (worn)
 e - a +0 cloak (worn)
Scrolls
 c - 2 scrolls of immolation {unknown}
 d - 2 scrolls of enchant weapon {unknown}
 f - a scroll of identify {unknown}


   Skills:
 + Level 4.0 Fighting
 + Level 2.0 Axes
 + Level 2.1 Armour
 + Level 0.8 Dodging
 + Level 2.6 Invocations


You had 2 spell levels left.
You didn't know any spells.
Your spell library was empty.

Dungeon Overview and Level Annotations

Branches:
Dungeon (2/15)

Altars:
Nemelex Xobeh

Annotations:
D:2 Natasha


Innate Abilities, Weirdness & Mutations

A meltable shield of frost defends you. (SH +4)


Message History

The kobold hits you but does no damage. Natasha claws you.
The shadow imp hits you.
You barely miss Natasha.
Natasha is severely wounded.
You hit the kobold. You hit the shadow imp.
The kobold hits you but does no damage. Natasha claws you.
You block the shadow imp's attack.
You hit Natasha.
Natasha is severely wounded.
You hit the shadow imp. You hit the kobold.
You kill the kobold!
Lugonu accepts your kill.
Natasha casts a spell.
The shadow imp hits you but does no damage.
You completely miss Natasha.
Natasha is severely wounded.
You hit the shadow imp. Natasha claws you. The shadow imp hits you.
* * * LOW HITPOINT WARNING * * *
The shadow imp hits you.
* * * LOW HITPOINT WARNING * * *
You block Natasha's attack.
You are too injured to fight recklessly!
Unknown command.
You are too injured to fight recklessly!
Unknown command.
You closely miss Natasha.
Natasha is severely wounded.
You barely miss the shadow imp. You hit the white imp but do no damage.
Natasha mumbles some strange words.
You block the shadow imp's attack. The white imp gestures at you.
The puff of frost hits you.
* * * LOW HITPOINT WARNING * * *
You closely miss Natasha.
Natasha is severely wounded.
You barely miss the white imp. You closely miss the shadow imp.
Natasha howls an incantation.
Natasha's front paws start to glow.
Natasha claws you.
You die...

....# ....## .....# #####
.....#. .. ...##.......
... .^.+.....#
#.###.##.....#
#....[#@5#+# #....)h55.# #
#.........# #####.#
#.........# #...hK#
#.........#######
#K########...........)...#
#.#..h..##........####.#.#
#h#.###.####'###### #
#.#.# #.h....#####


You could see an iron imp (summoned), Natasha, a white imp (summoned) and a
shadow imp (summoned).

Vanquished Creatures
  An adder (D:2)
  2 dart slugs (D:1)
  2 leopard geckos (D:1)
  A giant cockroach (D:1)
  3 goblins (D:1)
  2 hobgoblins (D:1)
  2 jackals (D:1)
  A bat (D:1)
  2 frilled lizards (D:1)
  3 kobolds
  5 rats (D:1)
24 creatures vanquished.

Notes
Turn   | Place    | Note
-------+----------+-------------------------------------------
     0 | Abyss:1  | karrick the Demonspawn Abyssal Knight began the quest for
                  | the Orb.
     0 | Abyss:1  | Reached XP level 1. HP: 18/18 MP: 2/2
    31 | D:1      | Escaped the Abyss
   255 | D:1      | Gained mutation: A meltable shield of frost defends you.
                  | (SH +4) [demonic ancestry]
   255 | D:1      | Reached XP level 2. HP: 19/24 MP: 3/3
   881 | D:1      | Found a sparkling altar of Nemelex Xobeh.
   923 | D:1      | Reached ** piety under Lugonu
  1217 | D:2      | Reached skill level 4 in Fighting
  1217 | D:2      | Reached XP level 3. HP: 16/30 MP: 4/4
  1536 | D:2      | Noticed Natasha
  1783 | D:2      | Slain by Natasha

Illustrated notes

Levels and vault maps discovered:
D:1:      nzn_arrival_depleted_hourglass, layout_basic, serial_forest,
          infiniplex_forest_straight_2, infiniplex_forest_lined_room_2,
          infiniplex_forest_clump_medium, infiniplex_forest_end_2,
          infiniplex_forest_diagonal, infiniplex_forest_end_double,
          infiniplex_forest_join, infiniplex_forest_corner_2, roderic_lattice_a,
          nemelex_diamond_rough_becter
D:2:      layout_basic, chequers_ecumenical_altar_simple_redux, minivault_19,
          uniq_natasha, uniq_jessica, uniq_robin

Skill      XL: |  1  2 |
---------------+-------+-----
Armour         | 2 |  2.1
Axes           | 2 |  2.0
Fighting       | 4 |  4.0
Dodging        | |  0.8
Invocations    | |  2.6

Action                   || total
-------------------------++-------
Melee: Hand axe          ||    74
Armor: Leather armour    ||    13
Dodge: Dodged            ||    31
Block: Other             ||    14

Table legend: (Time is in decaauts)
 A = Elapsed time spent in this place.
 B = Non-inter-level travel time spent in this place.
 C = Inter-level travel time spent in this place.
 D = Time resting spent in this place.
 E = Time spent auto-exploring this place.
 F = Levels seen in this place.
 G = Mean time per level.
                   A        B        C        D        E       F      G
               +--------+--------+--------+--------+--------+-----+--------+
         Total |   1795 |   1737 |     58 |    410 |   1100 |   3 |  598.3 |
       Dungeon |   1764 |   1706 |     58 |    410 |   1100 |   2 |  882.0 |
         Abyss |     31 |     31 |      0 |      0 |      0 |   1 |   31.0 |
               +--------+--------+--------+--------+--------+-----+--------+

Top non-repeatable levels by time:
     D:1: 1388 daAuts
     D:2: 376 daAuts
 Abyss:1: 31 daAuts
